 Dungeon Crawl Stone Soup version 0.16.1-2-g95b8d4c (webtiles) character file.

1146 Leibowitz the Sneak (level 7, 0/55 HPs)
             Began as a Demigod Enchanter on Mar 24, 2015.
             Slain by Pikel
             ... wielding a +0 whip of flaming
              (4 damage)
             ... on level 6 of the Dungeon.
             The game lasted 00:31:31 (6770 turns).

Leibowitz the Sneak (Demigod Enchanter)             Turns: 6770, Time: 00:31:31

Health: 0/55       AC:  8    Str: 13    XL:     7   Next: 92%
Magic:  16/19      EV: 13    Int: 21    God:
Gold:   60         SH:  0    Dex: 16    Spells: 4 memorised, 5 levels left

rFire  . . .     SeeInvis .     a - +2 short sword (venom)
rCold  . . .     Clarity  .     l - +3 leather armour {rPois}
rNeg   . . .     SustAb   +     (no shield)
rPois  +         Gourm    +     (no helmet)
rElec  .         Spirit   .     u - +0 cloak
rCorr  .         Warding  .     (no gloves)
rMut   .         Stasis   .     q - +0 pair of boots
MR     .....                    r - amulet of the gourmand
Stlth  +++.......               (no ring)
                                o - ring of sustain abilities

@: very slightly contaminated, invisible, not resistant to hostile enchantments,
fairly stealthy
A: sustain abilities
a: no special abilities


You were on level 6 of the Dungeon.
You were full.

You visited 1 branch of the dungeon, and saw 6 of its levels.

You collected 297 gold pieces.
You spent 237 gold pieces at shops.

Inventory:

Hand weapons
 a - a +2 short sword of venom (weapon)
 f - a +4 short sword
Missiles
 j - 10 poisoned needles
Armour
 l - a +3 leather armour of poison resistance (worn)
 q - a +0 pair of boots (worn)
 u - a +0 cloak (worn)
Jewellery
 o - a ring of sustain abilities (left hand)
 r - an amulet of the gourmand (around neck)
Magical devices
 x - a wand of frost (23)
Scrolls
 h - 4 scrolls of recharging
 i - 6 scrolls of identify
 k - 6 scrolls of teleportation
 v - 2 scrolls of remove curse
Potions
 m - a potion of cure mutation
 n - 3 potions of invisibility
 s - a potion of might
 t - a potion of agility
Books
 c - a book of Maledictions

   Spells                             Type                      Level
   a - Corona                         Hexes                        1
   b - Sure Blade                     Hexes/Charms                 2
   c - Ensorcelled Hibernation        Hexes/Ice                    2
   d - Confuse                        Hexes                        3
   e - Dazzling Spray                 Conjuration/Hexes            3
   f - Enslavement                    Hexes                        4
 e - a Grand Grimoire {highlevel, unknown}

   This book is beyond your current level of understanding.

   Spells                             Type                      Level
   a - Aura of Abjuration             Summoning                    6
   b - Summon Greater Demon           Summoning                    7
   c - Malign Gateway                 Summoning/Translocation      7
   d - Summon Horrible Things         Summoning                    8
Comestibles
 d - 3 bread rations
 g - a slice of pizza
 p - 2 meat rations


   Skills:
 * Level 2.2 Fighting
 * Level 2.3 Short Blades
   Level 0.3 Maces & Flails
 * Level 2.1 Armour
 * Level 3.8 Dodging
 + Level 4.2 Stealth
 * Level 3.6 Spellcasting
 * Level 3.9 Hexes
 * Level 2.4 Charms
 * Level 2.6 Ice Magic


You had 5 spell levels left.
You knew the following spells:

 Your Spells              Type           Power        Failure   Level  Hunger
a - Corona                Hex            ###....      3%          1    None
b - Ensorcelled Hibernat  Hex/Ice        ###...       8%          2    ##.....
c - Sure Blade            Hex/Chrm       ###.......   8%          2    ##.....
d - Confuse               Hex            ###.....     12%         3    ###....


Dungeon Overview and Level Annotations

Branches:
Dungeon (6/15)             Temple (0/1) D:5

Shops:
D:3 *   D:4 (![}

Annotations:
D:6 Pikel


Innate Abilities, Weirdness & Mutations

Your attributes are resistant to harm.


Message History

You hit Pikel.
Pikel is moderately wounded.
Pikel barely misses you. Pikel barely misses you.
You hit Pikel but do no damage.
Pikel looks even sicker.
Pikel is moderately wounded.
The slave closely misses you. Pikel hits you with a whip of flaming!
* * * LOW HITPOINT WARNING * * *
Pikel burns you.
* * * LOW HITPOINT WARNING * * *
A kobold comes into view.
Casting: Ensorcelled Hibernation
Confirm with . or Enter, or press ? or * to list all spells.
Aiming: Ensorcelled Hibernation
Press: ? - help, Shift-Dir - straight line, f/p - Pikel
Aim: Pikel, wielding a whip of flaming and wearing a robe (moderately wounded, poisoned, hasn't noticed you, chance 48%) Pikel resists with some effort.
Pikel hits you with a whip of flaming!
* * * LOW HITPOINT WARNING * * *
Pikel burns you.
You die...

#. ... #.## #.####
...#####..# #....#
.....#.....# ###..#
##'##.⌠#..#..#
##.###....###..##.##
#.p.p#...#....#..#
###......#......#######
##p#####..#.####....[
#.K@.....#..# #.####
##.......##.###.#
?...........##..##.#
.........#####.....####
..........# #.........#
.........# #.#..####.#
K........# #.#.......#
........# #.#..>...##
.....# #.###.#####


You could see Pikel and 2 slaves.

Vanquished Creatures
  The ghost of Leibowitz the Ducker, an average DsGl (D:4)
  A phantom (D:4)
  2 centaurs (D:5)
  Duvessa (D:5)
  Dowan (D:5)
  An orc priest (D:5)
  A hound (D:3)
  3 crimson imps
  A jelly (D:5)
  4 orc wizards
  4 worker ants
  7 adders
  7 gnolls
  A giant mite (D:3)
  2 worms
  An adder skeleton (D:5)
  2 giant geckos
  28 orcs
  2 giant cockroaches
  12 hobgoblins
  15 jackals
  3 quokkas
  A ball python (D:1)
  8 bats
  2 giant gecko skeletons
  4 giant newts
  6 goblins
  A jackal zombie (D:5)
  9 kobolds
  A quokka skeleton (D:5)
  7 rats
139 creatures vanquished.

Vanquished Creatures (others)
  A human (D:2)
  A rat (D:3)
2 creatures vanquished.

Grand Total: 141 creatures vanquished

Notes
Turn   | Place    | Note
--------------------------------------------------------------
     0 | D:1      | Leibowitz, the Demigod Enchanter, began the quest for the Orb.
     0 | D:1      | Reached XP level 1. HP: 14/14 MP: 3/3
    75 | D:1      | Reached skill level 1 in Short Blades
   110 | D:1      | Reached skill level 3 in Stealth
   132 | D:1      | Reached XP level 2. HP: 15/20 MP: 4/4
   136 | D:1      | Learned a level 2 spell: Ensorcelled Hibernation
   853 | D:2      | Reached XP level 3. HP: 27/27 MP: 3/7
   857 | D:2      | Learned a level 2 spell: Sure Blade
  1300 | D:2      | Found an ancient bone altar of Kikubaaqudgha.
  1304 | D:2      | Noticed a human
  1306 | D:2      | Killed a human
  1661 | D:3      | Reached skill level 1 in Armour
  1661 | D:3      | Reached XP level 4. HP: 20/34 MP: 5/10
  2161 | D:3      | Reached skill level 1 in Ice Magic
  2180 | D:3      | Found a radiant altar of Vehumet.
  2520 | D:3      | Found an opulent altar of Gozag.
  2522 | D:3      | Found Gozag's Platinum Reserve.
  2941 | D:3      | Reached XP level 5. HP: 10/39 MP: 1/12
  3346 | D:3      | Reached skill level 1 in Fighting
  3474 | D:4      | Reached skill level 1 in Charms
  3540 | D:4      | Found an iron altar of Okawaru.
  3584 | D:4      | Noticed Leibowitz's ghost (average DsGl)
  3610 | D:3      | Learned a level 3 spell: Confuse
  3831 | D:4      | Killed Leibowitz's ghost
  3831 | D:4      | Reached XP level 6. HP: 22/47 MP: 5/15
  3921 | D:4      | Found Ojaus' Weapon Emporium.
  3953 | D:4      | Found Oraet's Armour Shop.
  4070 | D:4      | Noticed a phantom
  4128 | D:4      | Killed a phantom
  4383 | D:4      | Found Mnouh's Distillery.
  4392 | D:4      | Bought a potion of mutation for 27 gold pieces
  4590 | D:4      | Bought a +3 leather armour of poison resistance for 210 gold pieces
  4842 | D:4      | Found Ufawiss' Gadget Shop.
  4911 | D:5      | Entered Level 5 of the Dungeon
  4953 | D:5      | Noticed Dowan
  4954 | D:5      | Noticed Duvessa
  4982 | D:5      | Killed Duvessa
  4982 | D:5      | Reached XP level 7. HP: 18/53 MP: 12/18
  4993 | D:5      | Killed Dowan
  4993 | D:5      | Reached skill level 4 in Stealth
  5136 | D:5      | Found a staircase to the Ecumenical Temple.
  5749 | D:5      | Found a shimmering altar of Xom.
  5754 | D:5      | Paralysed by a gnoll for 6 turns
  6743 | D:6      | Noticed Pikel
  6770 | D:6      | Slain by Pikel

Action                   |  1- 3 |  4- 6 |  7- 9 || total
-------------------------+-------+-------+-------++-------
Melee: Mace              |    44 |       |       ||    44
       Dagger            |    57 |       |       ||    57
       Short sword       |    27 |   176 |   126 ||   329
 Cast: Corona            |     5 |       |       ||     5
       Ensorcelled Hiber |    30 |    42 |    21 ||    93
       Sure Blade        |     1 |     1 |       ||     2
       Confuse           |       |    10 |     2 ||    12
Evoke: Wand              |       |       |     3 ||     3
  Use: Potion            |     6 |     4 |     6 ||    16
       Scroll            |       |    10 |       ||    10
 Stab: Sleeping          |    23 |    30 |    12 ||    65
       Confused          |       |     4 |       ||     4
       Distracted        |       |     2 |       ||     2
  Eat: Chunk             |     5 |    13 |    15 ||    33
